 Dungeon Crawl Stone Soup version 0.31.0-12-g77e489cdc1 (webtiles) character file.

Game seed: 1610356548264477294

141 firemarshallily the Shield-Bearer (level 5, -10/46 HPs)
             Began as an Armataur Fighter on Mar 5, 2024.
             Killed by divine providence
             ... invoked by an orc priest
              (17 damage)
             ... on level 4 of the Dungeon.
             The game lasted 00:05:42 (2033 turns).

firemarshallily the Shield-Bearer (AtFi)            Turns: 2033, Time: 00:05:45

Health: -10/46     AC:  8    Str: 21    XL:     5   Next: 3%
Magic:  5/5        EV:  7    Int:  8    God:
Gold:   157        SH:  5    Dex: 12    Spells: 4/4 levels left

rFire   . . .        v - +0 morningstar
rCold   . . .        c - +0 buckler
rNeg    . . .        b - +0 scale mail
rPois   .            (no helmet)
rElec   .            q - +0 cloak
rCorr   .            (no gloves)
SInv    .            (no barding)
Will    .....        g - amulet of magic regeneration Stlth
                     (no ring)
HPRegen 0.27/turn    (no ring)
MPRegen 1.15/turn

%: roll
@: mighty
A: large, deformed body, tough skin 3, armoured tail, roll 1
a: no special abilities


You were on level 4 of the Dungeon.
You visited 1 branch of the dungeon, and saw 4 of its levels.

You collected 157 gold pieces.

Inventory:

Hand Weapons
 k - a +3 mace
 v - a +0 morningstar (weapon)
Missiles
 f - 6 atropa-tipped darts (quivered)
Armour
 b - a +0 scale mail (worn)
 c - a +0 buckler (worn)
 q - a +0 cloak (worn)
Jewellery
 a - a ring of fire
 g - an amulet of magic regeneration (around neck)
Wands
 t - a wand of polymorph (5)
Scrolls
 e - a scroll of revelation
 p - a scroll of teleportation
 r - a scroll of silence
Potions
 d - a potion of might
 h - 2 potions of curing
 i - 2 potions of heal wounds {unknown}
 j - a potion of haste {unknown}
 m - a potion of lignification {unknown}
 n - a potion of ambrosia {unknown}
 o - a potion of berserk rage {unknown}
 s - 2 potions of magic {unknown}
 u - a potion of brilliance {unknown}


   Skills:
 * Level 3.7 Fighting
 + Level 2.5 Maces & Flails
 + Level 4.2 Armour
 * Level 4.5 Shields


You had 4 spell levels left.
You didn't know any spells.
Your spell library contained the following spells:

 Spells                   Type           Power      Damage    Failure   Level
 Tukima's Dance           Hex            0%         N/A       99%         3
 Passage of Golubria      Tloc           0%         N/A       100%        4
 Yara's Violent Unravell  Hex/Alch       0%         3d3       100%        5


Dungeon Overview and Level Annotations

Branches:
Dungeon (4/15)
 Temple: D:4-7

Altars:
Ru
Yredelemnul

Annotations:
D:3 3 runed translucent doors, GrumpyGrim72's ghost, amateur DECj


Innate Abilities, Weirdness & Mutations

Armour fits poorly on your strangely shaped body.
You have extremely tough skin. (AC +3)
You have a long armoured tail.
You regenerate magic when rolling toward enemies. (Rampage MPRegen)


Message History

You roll towards the orc priest!
The orc priest hits you with a +0 hand axe.
The orc priest begins to cast a cantrip, but forgets the words!
You closely miss the orc priest.
The orc priest hits you but does no damage.
The orc priest invokes the aid of Beogh against you.
Beogh smites you!
The orc priest casts a cantrip, but nothing happens.
The orc priest hits you with a +0 hand axe.
You hit the orc priest.
The orc priest is lightly wounded.
The orc hits you with a +0 club.
The orc priest mumbles some strange prayers to Beogh against you.
Beogh smites you! The orc hits you but does no damage.
You closely miss the orc priest.
Your tail-slap misses the orc priest.
The orc priest is lightly wounded.
The orc closely misses you.
The orc priest looks braver for a moment.
The orc priest hits you with a +0 hand axe.
You feel very mighty all of a sudden. The orc hits you but does no damage.
The orc barely misses you. You block the orc priest's attack.
The orc priest calls down the wrath of Beogh upon you.
Beogh smites you!
* * * LOW HITPOINT WARNING * * *
You closely miss the orc priest.
The orc priest is lightly wounded.
The orc barely misses you. The orc hits you but does no damage.
The orc priest hits you with a +0 hand axe.
* * * LOW HITPOINT WARNING * * *
The orc priest miscasts a cantrip.
You block the orc priest's attack. You block the orc's attack.
The orc hits you but does no damage.
It was a potion of curing.
You feel better. The orc hits you with a +0 club.
* * * LOW HITPOINT WARNING * * *
The orc hits you but does no damage.
The orc priest hits you but does no damage.
The orc priest calls down the wrath of Beogh upon you.
Beogh smites you!
You die...

..##.##..##.#.......##### # .
##.###.........##.# ##
#..#...##.#..####.# #.
#..#..#.#.....###<.# #.
..##.##.##.....#.##..#########.
#......#........†..###.....#..
#.##.#...........#####.....#.#
............oo)#..##.†.....#.#
.......†...o.@.......#####.#.#
......#......o..#...### #.#.#
................#.#.## #...#
......#.........#.#..# #....
...............#.#..######..#.
........####.....#............
......... ####...)#....##.###.
...####.........#)..##. #. #.
.. .) ...........# .... #.


You could see 2 orc priests and 2 orcs.

Vanquished Creatures
  Crazy Yiuf (D:2)
  Terence (D:2)
  A gnoll (D:1)
  An adder (D:4)
  An adder zombie (D:3)
  3 dart slugs
  A ribbon worm (D:4)
  3 orcs
  A bat (D:2)
  4 endoplasms
  4 giant cockroaches
  A goblin (D:4)
  4 hobgoblins
  5 jackals
  4 kobolds
  4 quokkas
  8 ball pythons
  A ball python zombie (D:3)
  3 frilled lizards
  2 rats
53 creatures vanquished.

Notes
Turn   | Place    | Note
-------+----------+-------------------------------------------
     0 | D:1      | firemarshallily the Armataur Fighter began the quest for
                  | the Orb.
     0 | D:1      | Reached XP level 1. HP: 18/18 MP: 1/1
    31 | D:1      | Reached XP level 2. HP: 18/25 MP: 2/2
   359 | D:1      | Reached XP level 3. HP: 28/31 MP: 3/3
  1084 | D:2      | Found a runed translucent door.
  1085 | D:2      | Noticed Crazy Yiuf
  1092 | D:2      | Killed Crazy Yiuf
  1093 | D:2      | Reached XP level 4. HP: 24/38 MP: 4/4
  1196 | D:2      | Found a sacrificial altar of Ru.
  1324 | D:2      | Noticed Terence
  1331 | D:2      | Killed Terence
  1410 | D:3      | Found a faded altar of an unknown god.
  1539 | D:3      | Found a runed translucent gate.
  1539 | D:3      | Found a runed translucent gate.
  1539 | D:3      | Found a runed translucent gate.
  1539 | D:3      | Noticed GrumpyGrim72's ghost (amateur DECj)
  1544 | D:3      | Found a basalt altar of Yredelemnul.
  1952 | D:4      | Reached XP level 5. HP: 45/46 MP: 5/5
  2033 | D:4      | Killed from afar by an orc priest

Illustrated notes

Levels and vault maps discovered:
D:1:      kennysheep_arrival_forest, layout_basic, serial_forest,
          infiniplex_forest_clump_large, infiniplex_forest_lined_ring,
          infiniplex_forest_end_1, infiniplex_forest_clump_tiny,
          infiniplex_forest_lined_ring, infiniplex_forest_corner_1,
          infiniplex_forest_zigzag_1
D:2:      layout_rooms, basic_altar, chequers_serial_rivers_small_b,
          uniq_terence, uniq_crazy_yiuf_cottage
D:3:      layout_rooms, nicolae_yredelemnul_ghost_church,
          ebering_ecumenical_altar_ruins
D:4:      layout_rooms

Skill      XL: |  1  2  3 |
---------------+----------+-----
Maces & Flails | 2 |  2.5
Fighting       | 3 |  3.7
Shields        | 4 |  4.5
Armour         | 4 |  4.2

Action                     |  1- 3 |  4- 6 || total
---------------------------+-------+-------++-------
  Melee: Flail             |    30 |       ||    30
         Tailslap          |     8 |     5 ||    13
         Mace              |    30 |    29 ||    59
         Morningstar       |       |    23 ||    23
    Use: Scroll            |       |     3 ||     3
         Potion            |       |     2 ||     2
 Armour: Scale mail        |    38 |    40 ||    78
  Dodge: Dodged            |    18 |    18 ||    36
  Block: Buckler           |     8 |    14 ||    22
